 Dungeon Crawl Stone Soup version 0.28.0 (webtiles) character file.

Game seed: 2603048716554389943

329 HallandMoats the Skirmisher (level 6, -10/62 HPs)
             Began as a Troll Monk on Feb 7, 2022.
             Was a Plaything of Xom.
             Mangled by a wyvern zombie (11 damage)
             ... on level 6 of the Dungeon.
             The game lasted 00:02:53 (2202 turns).

HallandMoats the Skirmisher (Troll Monk)            Turns: 2202, Time: 00:02:54

Health: -10/62     AC:  4    Str: 20    XL:     6   Next: 25%
Magic:  5/5        EV: 11    Int:  6    God:    Xom [..*...]
Gold:   171        SH:  0    Dex: 14    Spells: 5/5 levels left

rFire   . . .      SeeInvis .     - Unarmed
rCold   . . .      Faith    .   (no shield)
rNeg    . . .      Spirit   .   a - +0 robe
rPois   .          Reflect  .   (helmet restricted)
rElec   .          Harm     .   (no cloak)
rCorr   .          Rampage  .   (gloves unavailable)
Will    ++...                   (boots unavailable)
Stlth   ++........              (no amulet)
HPRegen 1.00/turn               b - ring of willpower
MPRegen 0.09/turn               q - ring of willpower

@: no status effects
A: large, unfitting armour, claws 3, regeneration 1, shaggy fur 1, tough skin 1
a: Renounce Religion


You were on level 6 of the Dungeon.
You worshipped Xom.
You were a toy of Xom.
You visited 1 branch of the dungeon, and saw 5 of its levels.

You collected 171 gold pieces.

Inventory:

Armour
 a - a +0 robe (worn)
Jewellery
 b - a ring of willpower (left claw)
 d - a ring of flight
 q - a ring of willpower (right claw)
Scrolls
 f - a scroll of fear {unknown}
 g - 2 scrolls of identify {unknown}
 h - 2 scrolls of enchant armour {unknown}
 k - a scroll of noise {unknown}
 r - a scroll of enchant weapon {unknown}
 s - a scroll of teleportation {unknown}
Potions
 c - 2 potions of berserk rage {unknown}
 e - a potion of ambrosia {unknown}
 i - a potion of curing {unknown}
 j - a potion of haste {unknown}
 l - a potion of degeneration {unknown}
 m - 2 potions of attraction {unknown}
 n - a potion of might {unknown}
 o - a potion of mutation {unknown}
 p - a potion of magic {unknown}


   Skills:
 * Level 4.1 Fighting
 * Level 4.1 Dodging
 - Level 1.0 Stealth
 + Level 4.1 Unarmed Combat


You had 5 spell levels left.
You didn't know any spells.
Your spell library contained the following spells:

 Spells                   Type           Power      Damage    Failure   Level
 Animate Skeleton         Necr           0%         N/A       45%         1
 Apportation              Tloc           0%         N/A       45%         1
 Summon Small Mammal      Summ           0%         N/A       45%         1


Dungeon Overview and Level Annotations

Branches:
Dungeon (4/15)             Temple (0/1) D:4

Altars:
Ashenzari
Elyvilon
Fedhas
Gozag
Kikubaaqudgha
Wu Jian
Xom

Shops:
D:4 =


Innate Abilities, Weirdness & Mutations

You are too large for most types of armour.
You have claws for hands.
Your natural rate of healing is unusually fast.
You are covered in fur. (AC +1)
You have tough skin. (AC +1)


Message History

The wyvern zombie bites you! x2
You scratch the wyvern zombie but do no damage.
The wyvern zombie bites you!
You are too injured to fight recklessly!
You are too injured to fight recklessly!
You are too injured to fight recklessly!
You are too injured to fight recklessly!
You are too injured to fight recklessly!
You are too injured to fight recklessly!
You are too injured to fight recklessly!
You are too injured to fight recklessly!
You are too injured to fight recklessly!
You completely miss the wyvern zombie. The wyvern zombie bites you.
You claw the wyvern zombie!
The wyvern zombie is moderately damaged.
The wyvern zombie bites you but does no damage.
The wyvern zombie bites you!
* * * LOW HITPOINT WARNING * * *
You barely miss the wyvern zombie.
The wyvern zombie is moderately damaged.
The wyvern zombie bites you.
* * * LOW HITPOINT WARNING * * *
You scratch the wyvern zombie but do no damage.
The wyvern zombie is moderately damaged.
The wyvern zombie bites you!
* * * LOW HITPOINT WARNING * * *
You scratch the wyvern zombie.
The wyvern zombie is moderately damaged.
The wyvern zombie bites you.
* * * LOW HITPOINT WARNING * * *
You scratch the wyvern zombie.
The wyvern zombie is heavily damaged.
The wyvern zombie barely misses you.
You claw the wyvern zombie!
The wyvern zombie is almost destroyed.
The wyvern zombie bites you.
* * * LOW HITPOINT WARNING * * *
The wyvern zombie bites you!
You die...
Xom roars with laughter!

.
#.......########......
.. #.......## .^.....
...
#######..####..#......
....
######.......##.....
.....###..........#..
.....
.........##########
..... ####....#
#####.. #....##......#
#.....@Z<..#
#.............
#....######### ######


You could see a wyvern zombie.

Vanquished Creatures
  A sky beast (D:6)
  A black bear (D:6)
  A jelly (D:6)
  A gnoll (D:1)
  3 adders
  An adder skeleton (D:4)
  4 worms
  3 dart slugs
  4 orcs (D:4)
  9 ball pythons
  4 bats
  3 endoplasms
  2 giant cockroaches
  3 goblins
  6 hobgoblins
  8 kobolds
  2 quokkas
  A frilled lizard (D:2)
  4 rats
61 creatures vanquished.

Notes
Turn   | Place    | Note
-------+----------+-------------------------------------------
     0 | D:1      | HallandMoats the Troll Monk began the quest for the Orb.
     0 | D:1      | Reached XP level 1. HP: 22/22 MP: 0/0
   202 | D:1      | Reached XP level 2. HP: 29/29 MP: 1/1
   521 | D:2      | Reached XP level 3. HP: 35/36 MP: 2/2
  1201 | D:3      | Reached XP level 4. HP: 45/45 MP: 3/3
  1294 | D:3      | Found an ancient bone altar of Kikubaaqudgha.
  1485 | D:3      | Found a broken altar of Ashenzari.
  1590 | D:3      | Found a faded altar of an unknown god.
  1644 | D:3      | Prayed at the altar of an unknown god.
  1644 | D:3      | Became a worshipper of Xom of Chaos
  1710 | D:4      | Found a staircase to the Ecumenical Temple.
  1734 | D:4      | XOM: silly message
  1818 | D:4      | Found Neraebemya's Jewellery Emporium.
  1828 | D:4      | Found an opulent altar of Gozag.
  1918 | D:4      | XOM: divination: detect creatures
  2017 | D:4      | Found a white marble altar of Elyvilon.
  2020 | D:4      | Found an ornate altar of the Wu Jian Council.
  2020 | D:4      | Found a blossoming altar of Fedhas.
  2031 | D:4      | XOM: divination: detect items
  2058 | D:4      | XOM: silly message
  2113 | D:4      | You fall into a shaft and drop 2 floors!
  2113 | D:6      | XOM: stealth player
  2113 | D:6      | Noticed a sky beast
  2114 | D:6      | Noticed a black bear
  2122 | D:6      | XOM: silly message
  2154 | D:6      | Killed a sky beast
  2155 | D:6      | Reached XP level 5. HP: 37/54 MP: 4/4
  2160 | D:6      | Killed a black bear
  2161 | D:6      | Reached XP level 6. HP: 36/62 MP: 5/5
  2200 | D:6      | HP: 2/62 [wyvern zombie (4)]
  2202 | D:6      | Mangled by a wyvern zombie

Illustrated notes

Levels and vault maps discovered:
D:1:      dpeg_arrival_oval, layout_rooms, minmay_shallow_snake_nest
D:2:      layout_loops_cross, kennysheep_cross_room
D:3:      layout_rooms, mainiacjoe_overflow_surrounded_room,
          mainiacjoe_overflow_paths,
          dreamdust_ecumenical_altar_hidden_monk_grotto
D:4:      layout_basic, nicolae_gozag_seed_capital, grunt_temple_overflow_open,
          minmay_temple_entry_statues, serial_shops, nicolae_stop_n_shop_1
D:6:      layout_rooms

Skill      XL: |  1  2  3  4  5 |
---------------+----------------+-----
Fighting       | 3 4 |  4.1
Dodging        | 3 4 |  4.1
Unarmed Combat | 4 |  4.1
Stealth        | |  1.0

Action                   |  1- 3 |  4- 6 || total
-------------------------+-------+-------++-------
Melee: Unarmed           |    57 |   104 ||   161
       Punch             |     3 |     1 ||     4
 Stab: Sleeping          |     3 |     3 ||     6
Armor: Robe              |    16 |    28 ||    44
Dodge: Dodged            |    24 |    43 ||    67
